 Dungeon Crawl Stone Soup version 0.29-a0-453-gf113fcf677 (webtiles) character file.

Game seed: 2075001392252392945

44 Bruhh the Gusty (level 3, 4/24 HPs)
             Began as a Barachi Air Elementalist on May 20, 2022.
             Quit the game on level 2 of the Dungeon.
             The game lasted 00:03:02 (1934 turns).

Bruhh the Gusty (Barachi Air Elementalist)          Turns: 1934, Time: 00:03:02

Health: 4/24       AC:  2    Str:  9    XL:     3   Next: 62%
Magic:  1/6        EV: 12    Int: 23    God:
Gold:   61         SH:  0    Dex: 12    Spells: 3/6 levels left

rFire   + . .      SeeInvis .   (no weapon)
rCold   + . .      Faith    .   (no shield)
rNeg    . . .      Spirit   .   a - +0 robe
rPois   +          Reflect  .   (no helmet)
rElec   +          Harm     .   (no cloak)
rCorr   +          Rampage  .   (no gloves)
Will    .....                   (no boots)
Stlth   ++........              (no amulet)
HPRegen 0.08/turn               e - +6 ring of intelligence
MPRegen 0.10/turn               (no ring)

@: lethally poisoned (4 -> -3), resistant, very slightly contaminated, hasted,
quick
A: amphibious, slowness 1, strong legs 1, +LOS
a: Hop


You were on level 2 of the Dungeon.
You visited 1 branch of the dungeon, and saw 2 of its levels.

You collected 61 gold pieces.

Inventory:

Armour
 a - a +0 robe (worn)
Jewellery
 e - a +6 ring of intelligence (left hand)
Scrolls
 b - 3 scrolls of teleportation {unknown}


   Skills:
 - Level 2.1 Dodging
 - Level 1.7 Stealth
 + Level 2.2 Spellcasting
 - Level 2.6 Conjurations
 + Level 4.2 Air Magic


You had 3 spell levels left.
You knew the following spells:

 Your Spells              Type           Power      Damage    Failure   Level
a - Shock                 Conj/Air       72%        1d7       3%          1
b - Static Discharge      Conj/Air       18%        N/A       4%          2

Your spell library contained the following spells:

 Spells                   Type           Power      Damage    Failure   Level
 Swiftness                Air            22%        N/A       7%          3
 Foxfire                  Conj/Fire      32%        2x1d5     8%          1
 Conjure Flame            Conj/Fire      8%         6-21      22%         3
 Inner Flame              Hex/Fire       2%         N/A       36%         3
 Airstrike                Air            11%        N/A       22%         4
 Flame Wave               Conj/Fire      8%         2d5       58%         4
 Leda's Liquefaction      Hex/Erth       1%         N/A       77%         4
 Lee's Rapid Deconstruct  Erth           1%         3d5*      98%         5
 Statue Form              Tmut/Erth      1%         N/A       100%        6


Dungeon Overview and Level Annotations

Branches:
Dungeon (2/15)

Altars:


Innate Abilities, Weirdness & Mutations

You are amphibious.
You cover ground slowly.
You can hop short distances.
You have an extended range of vision and can be seen from far away.


Message History

A ball python comes into view.
You miscast Shock.
You are very lightly contaminated with residual magic.
Nothing appears to happen.
The ball python hisses angrily.
The jackal barks!
The adder bites you but does no damage. The adder closely misses you.
You closely miss the adder.
A ball python comes into view.
The zap misses the adder.
The adder completely misses you. The ball python misses you.
The ball python grabs you. The ball python constricts you.
You miscast Shock.
Nothing appears to happen.
The adder bites you. The ball python bites you. The ball python constricts you.
The adder barely misses you.
The zap hits the ball python.
You kill the ball python!
The adder bites you.
You are poisoned.
The adder poisons you!
The zap hits the adder.
The adder is lightly wounded.
You feel sick. The jackal bites you. The adder bites you.
You are lethally poisoned!
The adder poisons you! The jackal closely misses you.
The jackal bites you but does no damage.
Unknown command.
Casting: Shock (safe; 3% risk of failure)
Confirm with . or Enter, or press ? or * to list all spells.
Okay, then.
It was a potion of haste.
You feel yourself speed up.
* * * LOW HITPOINT WARNING * * *
You feel sick. The adder misses you. The jackal closely misses you.
The jackal bites you.
* * * LOW HITPOINT WARNING * * *
It was a potion of resistance.
You feel protected.
* * * LOW HITPOINT WARNING * * *
You feel sick. The jackal barely misses you.
Unknown command.
Are you sure you want to abandon this character and quit the game? (Confirm with "yes".)

.......# .♣ .......# .♣.♣
.......# .♣...♣ .......#
.♣.♣.♣.♣ ....<...
...♣.♣.♣...♣ .......
♣.♣.♣.♣.♣.♣.♣ ....##
.♣...♣...♣...♣♣##S....#
♣.♣.♣.♣.♣.♣.♣..'@h....#
.♣.♣.♣.♣.♣.♣...'Sh....#
♣.♣.♣.♣.♣.♣.♣..'........#
.♣...♣...♣...♣♣###.......
♣.♣.♣.♣.♣.♣.♣♣ .......
...♣.♣.♣...♣♣ .......
♣.♣.♣.♣.♣.♣♣ ......
♣...♣...♣♣ ...###
♣.♣.♣.♣♣ ...#


You could see an adder, 2 jackals and a ball python.

Vanquished Creatures
  2 dart slugs
  7 ball pythons
  3 endoplasms
  4 goblins
  3 hobgoblins (D:1)
  3 jackals (D:2)
  A kobold (D:1)
  A quokka (D:2)
  5 bats
  3 frilled lizards (D:1)
  6 rats
38 creatures vanquished.

Vanquished Creatures (others)
  A plant (D:1)
1 creature vanquished.

Grand Total: 39 creatures vanquished

Notes
Turn   | Place    | Note
-------+----------+-------------------------------------------
     0 | D:1      | Bruhh the Barachi Air Elementalist began the quest for the
                  | Orb.
     0 | D:1      | Reached XP level 1. HP: 13/13 MP: 3/3
   332 | D:1      | Reached XP level 2. HP: 12/19 MP: 0/5
  1168 | D:1      | Reached XP level 3. HP: 24/24 MP: 3/6
  1359 | D:1      | Reached skill level 4 in Air Magic
  1525 | D:2      | Learned a level 2 spell: Static Discharge
  1934 | D:2      | Quit the game

Illustrated notes

Levels and vault maps discovered:
D:1:      minmay_arrival_open_corners, layout_loops_ring,
          minmay_shallow_snake_nest
D:2:      layout_basic, kennysheep_cluttered_room

Skill      XL: |  1  2  3 |
---------------+----------+-----
Conjurations   | 2 |  2.6
Air Magic      | 4 |  4.2
Dodging        | |  2.1
Stealth        | |  1.7
Spellcasting   | |  2.2

Action                   || total
-------------------------++-------
Melee: Unarmed           ||    23
 Cast: Shock             ||    57
       Static Discharge  ||     4
  Use: Potion            ||     3
Armor: Robe              ||    17
Dodge: Dodged            ||    54

Table legend: (Time is in decaauts)
 A = Elapsed time spent in this place.
 B = Non-inter-level travel time spent in this place.
 C = Inter-level travel time spent in this place.
 D = Time resting spent in this place.
 E = Time spent auto-exploring this place.
 F = Levels seen in this place.
 G = Mean time per level.
                   A        B        C        D        E       F      G
               +--------+--------+--------+--------+--------+-----+--------+
         Total |   2081 |   2062 |     19 |      0 |   1832 |   2 | 1040.5 |
       Dungeon |   2081 |   2062 |     19 |      0 |   1832 |   2 | 1040.5 |
               +--------+--------+--------+--------+--------+-----+--------+

Top non-repeatable levels by time:
     D:1: 1644 daAuts
     D:2: 436 daAuts
